 Dungeon Crawl Stone Soup version 0.24.0-35-gdb84b6a5db (webtiles) character file.

Game seed: 6107654142226687322, levelgen mode: deterministic

91 H0rd4k the Magician (level 4, -4/24 HPs)
             Began as a Deep Elf Wizard on Nov 18, 2019.
             Killed by divine providence
             ... invoked by an orc priest
              (17 damage)
             ... on level 3 of the Dungeon.
             The game lasted 00:04:41 (2334 turns).

H0rd4k the Magician (Deep Elf Wizard)               Turns: 2334, Time: 00:04:41

Health: -4/24      AC:  2    Str:  8    XL:     4   Next: 33%
Magic:  0/14       EV: 13    Int: 24    God:
Gold:   221        SH:  0    Dex: 13    Spells: 6/15 levels left

rFire    . . .     SeeInvis .   t - +2 short sword (drain)
rCold    . . .     Gourm    .   (no shield)
rNeg     . . .     Faith    .   a - +0 robe
rPois    .         Spirit   .   b - +0 hat
rElec    .         Reflect  .   (no cloak)
rCorr    .         Harm     .   (no gloves)
MR       .....                  (no boots)
Stlth    +++.......             (no amulet)
HPRegen  0.08/turn              m - +4 ring of strength
MPRegen  0.14/turn              l - ring of stealth

@: very slightly contaminated
A: no striking features
a: no special abilities


You were on level 3 of the Dungeon.
You were not hungry.

You visited 1 branch of the dungeon, and saw 3 of its levels.

You collected 221 gold pieces.

Inventory:

Hand Weapons
 t - a +2 short sword of draining (weapon)
Armour
 a - a +0 robe (worn)
 b - a +0 hat (worn)
Jewellery
 l - a ring of stealth (right hand)
 m - a +4 ring of strength (left hand)
Scrolls
 c - 2 scrolls of blinking {unknown}
 e - 4 scrolls of identify {unknown}
 h - 2 scrolls of remove curse {unknown}
 j - a scroll of random uselessness {unknown}
 k - a scroll of enchant armour {unknown}
 n - a scroll of immolation {unknown}
 o - 2 scrolls of teleportation {unknown}
 r - a scroll of enchant weapon {unknown}
Potions
 f - a potion of lignification {unknown}
 g - a potion of might {unknown}
 i - a potion of cancellation {unknown}
 p - a potion of haste {unknown}
 q - a potion of invisibility {unknown}
 s - a potion of heal wounds {unknown}
Comestibles
 d - 4 rations
 u - a chunk of flesh


   Skills:
 + Level 2.9 Dodging
 + Level 2.7 Stealth
 + Level 6.2 Spellcasting
 + Level 2.3 Conjurations
   Level 1.1 Summonings
 + Level 1.1 Translocations


You had 6 spell levels left.
You knew the following spells:

 Your Spells              Type           Power        Failure   Level  Hunger
a - Magic Dart            Conj           ###.         3%          1    None
b - Blink                 Tloc           N/A          8%          2    None
c - Conjure Flame         Conj/Fire      ##......     14%         3    #......
d - Mephitic Cloud        Conj/Pois/Air  ##......     17%         3    #......

Your spell library contained the following spells:

 Spells                   Type           Power        Failure   Level  Hunger
 Call Imp                 Summ           ##......     8%          2    None
 Slow                     Hex            #.......     12%         2    None


Dungeon Overview and Level Annotations

Branches:
Dungeon (3/15)

Altars:

Annotations:
D:2 exclusions: 2 downstairs and upstairs


Message History

The orc priest invokes the aid of Beogh against you.
Pain shoots through your body!
Casting: Magic Dart (safe; 3% risk of failure)
Confirm with . or Enter, or press ? or * to list all spells.
Aiming: Magic Dart (safe; 3% risk of failure)
Press: ? - help, Shift-Dir - straight line, f/p - orc priest
Aim: an orc priest, wearing a +0 scale mail (moderately wounded)
The magic dart hits the orc priest but does no damage.
The orc priest is moderately wounded.
Casting: Magic Dart (safe; 3% risk of failure)
Confirm with . or Enter, or press ? or * to list all spells.
Aiming: Magic Dart (safe; 3% risk of failure)
Press: ? - help, Shift-Dir - straight line, f/p - orc priest
Aim: an orc priest, wearing a +0 scale mail (moderately wounded)
The magic dart hits the orc priest but does no damage.
The orc priest is moderately wounded.
The orc priest calls down the wrath of Beogh upon you.
Beogh smites you!
Ouch! That really hurt!
You die...

≈......[##.#
#.....##.##
...#........#
#.....<..#
#......†.#
#.........#
...........#
.....##(†##†##
.#### #..##.@#
#...###....#
...#. ####..#
... o).. ##.


You could see an orc priest.

Vanquished Creatures
  An adder (D:2)
  2 worms (D:2)
  3 dart slugs
  4 leopard geckos
  An orc (D:3)
  2 ball pythons (D:2)
  3 giant cockroaches
  6 goblins
  7 hobgoblins
  8 jackals
  A quokka (D:2)
  7 bats (D:1)
  5 frilled lizards
  4 kobolds
  4 rats
58 creatures vanquished.

Notes
Turn   | Place    | Note
-------+----------+-------------------------------------------
     0 | D:1      | H0rd4k the Deep Elf Wizard began the quest for the Orb.
     0 | D:1      | Reached XP level 1. HP: 10/10 MP: 7/7
   234 | D:1      | Reached XP level 2. HP: 15/15 MP: 5/9
   240 | D:1      | Reached skill level 5 in Spellcasting
   513 | D:2      | Reached XP level 3. HP: 3/19 MP: 0/12
  1565 | D:1      | Reached skill level 6 in Spellcasting
  1734 | D:1      | Reached XP level 4. HP: 24/24 MP: 9/14
  2162 | D:3      | Learned a level 2 spell: Blink
  2166 | D:3      | Learned a level 3 spell: Conjure Flame
  2170 | D:3      | Learned a level 3 spell: Mephitic Cloud
  2334 | D:3      | Killed from afar by an orc priest

Levels and vault maps discovered:
D:1:      sevenhm_arrival_forest_fort_small_3, layout_loops_cross
D:2:      layout_basic, skrybe_limestone_x,
          hangedman_abyss_or_decor_lesser_grid, minmay_small_reverse_x
D:3:      layout_rooms, serial_bayou_pond_c, fountainhead

Skill      XL: |  1  2  3 |
---------------+----------+-----
Spellcasting   | 5 6 |  6.2
Conjurations   | 2 |  2.3
Dodging        | |  2.9
Stealth        | |  2.7
Summonings     | |  1.1
Translocations | |  1.1

Action                   |  1- 3 |  4- 6 || total
-------------------------+-------+-------++-------
Melee: Unarmed           |     1 |       ||     1
 Cast: Magic Dart        |   140 |    48 ||   188
  Use: Potion            |     1 |       ||     1
  Eat: Chunk             |     2 |     2 ||     4
Armor: Robe              |     9 |     2 ||    11
Dodge: Dodged            |    42 |    12 ||    54
